 Dungeon Crawl Stone Soup version 0.18.1-50-g88ac8fd (console) character file.

2978 CALLOUS the Ducker (level 9, -4/74 HPs)
             Began as a Demigod Assassin on Oct 10, 2016.
             Slain by a killer bee (7 damage)
             ... on level 9 of the Dungeon on Oct 11, 2016.
             The game lasted 03:57:54 (11993 turns).

CALLOUS the Ducker (Demigod Assassin)              Turns: 11993, Time: 03:57:55

Health: -4/74      AC: 18    Str: 14    XL:     9   Next: 28%
Magic:  11/11      EV: 11    Int: 21    God:
Gold:   334        SH: 10    Dex: 17    Spells: 0 memorised, 8 levels left

rFire  . . .     SeeInvis .     s - +3 flail (protect)
rCold  . . .     Gourm    .     n - +2 scale mail {MR+}
rNeg   . . .     Faith    .     y - +0 shield
rPois  .         Spirit   .     v - +0 helmet
rElec  .         Dismiss  .     d - +0 cloak
rCorr  .         Reflect  .     J - +0 pair of gloves
SustAt +         Harm     .     (no boots)
MR     ++...                    (no amulet)
Stlth  ++........               (no ring)
                                r - ring of protection from magic

@: lethally poisoned (-4 -> -5), very resistant to hostile enchantments,
unstealthy
A: high mp 1, sustain attributes
a: no special abilities


You were on level 9 of the Dungeon.
You were not hungry.

You visited 1 branch of the dungeon, and saw 9 of its levels.

You collected 334 gold pieces.

Inventory:

Hand Weapons
 a - a +2 dagger
 b - a +0 blowgun
 s - a +3 flail of protection (weapon)
 x - a +1 short sword of flaming
 I - a +1 demon trident of freezing
 P - a +3 quarterstaff of chaos
Missiles
 h - 13 tomahawks
 m - 169 stones (quivered)
 B - 3 javelins
 V - 8 needles of sleeping
Armour
 d - a +0 cloak (worn)
 n - a +2 scale mail of magic resistance (worn)
 v - a +0 helmet (worn)
 y - a +0 shield (worn)
 F - a +2 robe of fire resistance
 J - a +0 pair of gloves (worn)
 Q - a +0 cloak
 S - a +0 pair of gloves
 X - a +0 ring mail of poison resistance
 Y - a +0 pair of gloves
 Z - a +0 leather armour of cold resistance
Magical Staves
 K - an uncursed staff of summoning {unknown}
Jewellery
 c - an uncursed ring of magical power {unknown}
 l - a +2 ring of protection {unknown}
 o - an uncursed ring of flight {unknown}
 r - a ring of protection from magic (left hand)
 T - an uncursed ring of poison resistance {unknown}
 U - an uncursed amulet of dismissal {unknown}
Wands
 k - a wand of digging (13/24)
Scrolls
 p - 3 scrolls of teleportation
 w - 5 scrolls of identify
 z - a scroll of enchant weapon {unknown}
 C - 3 scrolls of immolation {unknown}
 D - a scroll of noise {unknown}
 M - a scroll of remove curse {unknown}
 N - 2 scrolls of enchant armour {unknown}
 R - a scroll of recharging {unknown}
 W - a scroll of fear {unknown}
Potions
 i - a potion of heal wounds
 u - 4 potions of curing
 L - a potion of invisibility
 O - 2 potions of lignification {unknown}
Comestibles
 g - 5 bread rations
 j - a meat ration
 E - 2 beef jerkies
 G - a slice of pizza
 H - 2 chunks of flesh


   Skills:
 * Level 5.2 Fighting
 - Level 1.7 Short Blades
 - Level 1.7 Throwing
 * Level 5.7 Armour
 * Level 6.7 Dodging
 + Level 4.8 Stealth
 * Level 5.6 Shields


You had 8 spell levels left.
You didn't know any spells.

Dungeon Overview and Level Annotations

Branches:
Dungeon (9/15)
 Temple: D:4-7         Lair: D:8-11         Orc: D:9-12

Annotations:
D:4 exclusion: worker ant, Menkaure
D:5 exclusions: adder, ice beast, ogre and sky beast, Blork the orc
D:6 exclusions: giant frog, howler monkey, ice beast and sky beast
D:7 owDshortplatetublargarnetring, exclusions: ice beast, 2 sky beasts and steam dragon
D:8 exclusion: ice beast


Innate Abilities, Weirdness & Mutations

You have an increased reservoir of magic (+10% MP).
Your attributes are resistant to harm.


Message History

The killer bee is lightly wounded.
You feel sick.
The killer bee stings you but does no damage.
The killer bee barely misses you. The killer bee stings you.
* * * LOW HITPOINT WARNING * * *
You closely miss the killer bee.
The killer bee is lightly wounded.
You feel sick.
The killer bee stings you but does no damage.
The killer bee closely misses you. You block the killer bee's attack.
Your shield and scale mail prevent you from hitting the killer bee.
The killer bee is lightly wounded.
You feel sick.
You block the killer bee's attack. x2; The killer bee barely misses you.
You closely miss the killer bee.
The killer bee is lightly wounded.
You block the killer bee's attack. x2; The killer bee barely misses you.
You miss the killer bee.
The killer bee is lightly wounded.
You feel sick. You block the killer bee's attack. The killer bee stings you!
You die...

#....#......+.........#.....#..
###....#......#.........#.....#..
.......#......#.........##+####..
.......#......#...⌠.......!......
..........##'##......######......
................#.........#......
................#.........#......
................#.........#......
........8.......'.Y.......#......
................#####'#####......
........8.......@y.....(....#####
..####.........#####(.......# .
##.8......#...#........#
#........#...#....y...#
#........#...#....y..(#
#........+...#........#
#........#...+........# +##
.........#...#.......^.....
....>...!#####.............
...........................
...........................


You could see a killer bee.

Vanquished Creatures
  4 yaks (D:9)
  3 orc warriors (D:7)
  3 centaurs
  6 giant frogs
  2 scorpions (D:4)
  A water moccasin zombie (D:7)
  A wyvern skeleton (D:7)
  6 killer bees
  A wasp zombie (D:7)
  A giant frog zombie (D:9)
  A crimson imp (D:9)
  3 orc priests
  Crazy Yiuf (D:2)
  A giant frog skeleton (D:6)
  2 hounds
  4 orc wizards
  2 iguanas
  Terence (D:2)
  8 worker ants
  A hound skeleton (D:6)
  A howler monkey zombie (D:9)
  Robin (D:2)
  3 gnolls (D:3)
  A river rat (D:3)
  12 adders
  2 shadow imps (D:7)
  An adder skeleton (D:6)
  5 worms
  4 dart slugs
  6 giant geckos
  30 orcs
  4 ball pythons
  8 bats
  8 giant cockroaches
  14 goblins
  12 hobgoblins
  11 jackals
  4 giant newts
  A jackal zombie (D:7)
  5 kobolds
  9 rats
194 creatures vanquished.

Vanquished Creatures (others)
  An orc (D:7)
1 creature vanquished.

Grand Total: 195 creatures vanquished

Notes
Turn   | Place    | Note
--------------------------------------------------------------
     0 | D:1      | CALLOUS the Demigod Assassin began the quest for the Orb.
     0 | D:1      | Reached XP level 1. HP: 17/17 MP: 3/3
    26 | D:1      | Reached skill level 1 in Dodging
   446 | D:1      | Reached XP level 2. HP: 21/24 MP: 4/4
  1032 | D:1      | Reached XP level 3. HP: 27/29 MP: 5/5
  1333 | D:2      | Found a shattered altar of Ashenzari.
  1910 | D:3      | Noticed Terence
  2255 | D:2      | Killed Terence
  2255 | D:2      | Reached skill level 1 in Armour
  2255 | D:2      | Reached skill level 2 in Dodging
  2255 | D:2      | Reached XP level 4. HP: 30/37 MP: 6/6
  3251 | D:2      | Noticed Robin
  3274 | D:2      | Killed Robin
  3324 | D:2      | Found a burning altar of Makhleb.
  3397 | D:2      | Noticed Crazy Yiuf
  3535 | D:2      | Reached XP level 5. HP: 26/42 MP: 7/7
  4056 | D:3      | Reached skill level 3 in Dodging
  4712 | D:4      | Found a sparkling altar of Nemelex Xobeh.
  4747 | D:4      | Found a shimmering altar of Xom.
  4832 | D:4      | Reached skill level 1 in Shields
  4860 | D:4      | Reached XP level 6. HP: 51/51 MP: 8/8
  5663 | D:5      | Entered Level 5 of the Dungeon
  5669 | D:5      | Found a white marble altar of Elyvilon.
  5691 | D:5      | Noticed Menkaure
  5794 | D:5      | Noticed Blork the orc
  6295 | D:2      | Killed Crazy Yiuf
  7280 | D:5      | Reached XP level 7. HP: 57/57 MP: 9/9
  7460 | D:5      | Reached skill level 4 in Dodging
  8299 | D:7      | Noticed a steam dragon
  9030 | D:7      | Reached skill level 5 in Dodging
  9095 | D:7      | Reached XP level 8. HP: 42/66 MP: 10/10
 10412 | D:7      | Reached skill level 6 in Dodging
 11043 | D:7      | Reached skill level 5 in Armour
 11644 | D:9      | Reached skill level 5 in Shields
 11790 | D:9      | Reached XP level 9. HP: 63/73 MP: 11/11
 11875 | D:9      | Reached skill level 5 in Fighting
 11991 | D:9      | HP: 3/74 [poisoned by a killer bee]
 11993 | D:9      | Slain by a killer bee

Skill      XL: |  1  2  3  4  5  6  7  8  9 |
---------------+----------------------------+-----
Dodging        | 1 2 3 5 6 |  6.7
Stealth        | 4 |  4.8
Fighting       | 2 3 4 5 |  5.2
Armour         | 1 2 3 4 5 |  5.7
Shields        | 1 2 3 5 |  5.6
Short Blades   | |  1.7
Throwing       | |  1.7

Action                   |  1- 3 |  4- 6 |  7- 9 || total
-------------------------+-------+-------+-------++-------
Melee: Dagger            |   181 |     5 |     2 ||   188
       Flail             |       |   228 |   311 ||   539
       Whip              |       |       |    46 ||    46
 Fire: Blowgun           |     7 |    11 |    54 ||    72
Throw: Stone             |     8 |   142 |   117 ||   267
       Javelin           |       |    17 |    20 ||    37
       Tomahawk          |       |       |     1 ||     1
  Use: Potion            |     1 |     1 |       ||     2
       Scroll            |     1 |       |     1 ||     2
 Stab: Sleeping          |     3 |     1 |     1 ||     5
  Eat: Chunk             |     3 |    15 |    16 ||    34
       Royal jelly       |       |     1 |       ||     1
Armor: Robe              |    11 |       |       ||    11
       Scale mail        |    30 |   132 |   220 ||   382
Dodge: Dodged            |    75 |    87 |   180 ||   342
Block: Shield            |       |    96 |   229 ||   325
